AoeStats
← the-bud

Marketplace

504411954Analyzed
1v1 RM · 28d ago on Sep 5, 2026· 27m 36s· 2 players
Game mode
Random Map
Map size
Tiny (2 player)
Population
200
Speed
Normal
Resources
Standard
Victory
Conquest
Starting age
Dark Age
Ending age
Imperial Age
RankedLock teamsTeams togetherTeam positionsShared explorationLock speedFull tech treeHidden civsTurbo modeCheats
Victory
Defeat
🇦🇺 Franks · Australia
811
+17
🇨🇦 Hindustanis · Canada
822
-17
Dirty Dike
3:33 Loom
11:41 Feudal Age
14:23 Gold Mining
17:47 Castle Age
16:59 Scale Barding Armor
18:52 Forging
24:48 Iron Casting
24:49 Husbandry
25:48 Chain Barding Armor
the-bud
9:49 Loom
11:35 Feudal Age
14:19 Double-Bit Axe
21:33 Castle Age
19:37 Gold Mining
19:30 Horse Collar
21:52 Wheelbarrow
22:01 Forging
25:32 Pikeman
Connection lost

Rejoining the realm…

Still unreachable

The connection could not be restored.

Session expired

The server has moved on; the page needs a fresh start.